 Dungeon Crawl Stone Soup version 0.29.1-2-gbd0b4ee654 (webtiles) character file.

Game seed: 12525683349020256269

75 GorkyZ the Conjurer (level 4, -7/31 HPs)
             Began as a Demonspawn Conjurer on Nov 14, 2022.
             Succumbed to a kobold's poison
             ... on level 3 of the Dungeon.
             The game lasted 00:10:05 (2884 turns).

GorkyZ the Conjurer (Demonspawn Conjurer)           Turns: 2884, Time: 00:10:06

Health: -7/31      AC:  2    Str:  8    XL:     4   Next: 11%
Magic:  1/7        EV: 13    Int: 21    God:
Gold:   122        SH:  0    Dex: 17    Spells: 7/8 levels left

rFire   x . .      SeeInvis .   d - +0 dagger
rCold   + . .      Faith    .   (no shield)
rNeg    . . .      Spirit   .   a - +0 robe
rPois   .          Reflect  .   (no helmet)
rElec   .          Harm     .   (no cloak)
rCorr   .          Rampage  .   (no gloves)
Will    .....                   (boots unavailable)
Stlth   ++........              (no amulet)
HPRegen 0.10/turn               g - ring of ice
MPRegen 0.10/turn               k - +6 ring of dexterity

@: lethally poisoned (-7 -> -46)
A: hooves 3
a: no special abilities


You were on level 3 of the Dungeon.
You visited 1 branch of the dungeon, and saw 3 of its levels.

You collected 122 gold pieces.

Inventory:

Hand Weapons
 d - a +0 dagger (weapon)
Missiles
 s - 2 atropa-tipped darts
Armour
 a - a +0 robe (worn)
 c - a +0 scale mail
Jewellery
 g - a ring of ice (left hand)
 k - a +6 ring of dexterity (right hand)
Scrolls
 f - 5 scrolls of identify {unknown}
 h - 3 scrolls of immolation {unknown}
 i - a scroll of magic mapping {unknown}
 n - a scroll of fear {unknown}
 o - a scroll of brand weapon {unknown}
 p - a scroll of enchant weapon {unknown}
 q - a scroll of torment {unknown}
Potions
 b - a potion of magic
 e - a potion of mutation {unknown}
 j - a potion of brilliance {unknown}
 l - a potion of might {unknown}
 m - a potion of curing {unknown}
 r - a potion of attraction {unknown}


   Skills:
 + Level 0.3 Fighting
 + Level 0.1 Short Blades
 - Level 0.1 Armour
 * Level 2.4 Dodging
 - Level 1.7 Stealth
 + Level 2.6 Spellcasting
 + Level 4.8 Conjurations


You had 7 spell levels left.
You knew the following spells:

 Your Spells              Type           Power      Damage    Failure   Level
a - Magic Dart            Conj           92%        1d7       1%          1

Your spell library contained the following spells:

 Spells                   Type           Power      Damage    Failure   Level
 Searing Ray              Conj           46%        2d6       3%          2
 Dazzling Flash           Conj/Hex       24%        N/A       16%         3
 Fulminant Prism          Conj/Hex       6%         3d7       45%         4
 Iskenderun's Mystic Bla  Conj/Tloc      12%        2d5       45%         4


Dungeon Overview and Level Annotations

Branches:
Dungeon (3/15)

Altars:

Shops:
D:2 [


Innate Abilities, Weirdness & Mutations

You have hooves in place of feet.


Message History

Aim: a kobold, wielding a +2 dagger of venom, wearing a +0 leather armour and quivering stones (100% to hit)
The magic dart hits the kobold.
The kobold is severely wounded.
The kobold throws a stone.
The stone barely misses you.
You start resting.
A kobold is nearby!
A goblin comes into view. It is wielding a +0 club.
Found a stone staircase leading up.
The kobold throws a stone.
The stone hits you. The kobold closely misses you.
You barely miss the kobold.
The kobold is severely wounded.
The kobold hits you with a +2 dagger of venom.
You are poisoned.
The goblin shouts!
You hit the kobold but do no damage. Your kick misses the kobold.
The kobold is severely wounded.
You feel very sick.
The kobold hits you with a +2 dagger of venom.
You are more poisoned.
You hit the kobold but do no damage.
The kobold is moderately wounded.
You feel very sick.
The kobold hits you with a +2 dagger of venom.
You are lethally poisoned!
You hit the kobold but do no damage. Your kick misses the kobold.
The kobold is moderately wounded.
You feel very sick.
The kobold hits you with a +2 dagger of venom.
You are more poisoned.
You hit the kobold.
The kobold is severely wounded.
* * * LOW HITPOINT WARNING * * *
You feel very sick.
The kobold hits you with a +2 dagger of venom.
* * * LOW HITPOINT WARNING * * *
You are more poisoned.
You barely miss the kobold.
The kobold is severely wounded.
You die...

## #...# .# #...#
###.##.... )#
#...####.......... .#
#..... ..#<#...#.#
.######...####.#.......#
.#.............#.g.....#
........)...............
...............#.....#.#
#.#####รท..####..@K).....
#.# #........#.......#
#.# #...#######......#
#.# #...# .#.##.# #.#
#...# .#..! . ..# ##.##
.# ##. ### #..# .. .
########.## ##
#.........#


You could see a goblin and a kobold.

Vanquished Creatures
  4 adders
  A worm (D:2)
  An orc (D:3)
  5 ball pythons
  An endoplasm (D:1)
  A giant cockroach (D:2)
  4 goblins
  4 hobgoblins
  3 jackals (D:3)
  5 kobolds
  A quokka (D:1)
  2 frilled lizards
  5 rats
37 creatures vanquished.

Notes
Turn   | Place    | Note
-------+----------+-------------------------------------------
     0 | D:1      | GorkyZ the Demonspawn Conjurer began the quest for the Orb.
     0 | D:1      | Reached XP level 1. HP: 13/13 MP: 3/3
   600 | D:1      | Found a faded altar of an unknown god.
   691 | D:1      | Discovered your monstrous ancestry.
   691 | D:1      | Gained mutation: You have large cloven feet. [demonic
                  | ancestry]
   691 | D:1      | Reached XP level 2. HP: 19/19 MP: 1/5
  1579 | D:2      | Gained mutation: You have hoof-like feet. [demonic
                  | ancestry]
  1579 | D:2      | Reached XP level 3. HP: 24/24 MP: 3/6
  2091 | D:2      | Found Zakkysm's Antique Armour Shop.
  2866 | D:3      | Gained mutation: You have hooves in place of feet. [demonic
                  | ancestry]
  2866 | D:3      | Reached XP level 4. HP: 30/30 MP: 3/7
  2884 | D:3      | Succumbed to a kobold's poison

Illustrated notes

Levels and vault maps discovered:
D:1:      amcnicky_arrival_blooded_trapdoor, layout_basic,
          hellmonk_ecumenical_altar_zigzags
D:2:      layout_loops_ring, serial_shops, nicolae_shop_behind_doors
D:3:      layout_loops_cross, serial_shops, nicolae_shop_crystal

Skill      XL: |  1 |
---------------+----+-----
Dodging        | 2 |  2.4
Fighting       | |  0.3
Short Blades   | |  0.1
Armour         | |  0.1
Stealth        | |  1.7
Spellcasting   | |  2.6
Conjurations   | |  4.8

Action                   |  1- 3 |  4- 6 || total
-------------------------+-------+-------++-------
Melee: Dagger            |    28 |     6 ||    34
       Kick              |     7 |       ||     7
 Cast: Magic Dart        |    67 |     4 ||    71
Armor: Scale mail        |    12 |       ||    12
       Robe              |     5 |       ||     5
Dodge: Dodged            |    27 |     3 ||    30
